 Dungeon Crawl Stone Soup version 0.32-a0-643-ga006e7742e (webtiles) character file.

Game seed: 8525902654966078734

67795 jasper the Bludgeoner (level 14, -5/113 (127) HPs)
             Began as a Mountain Dwarf Fighter on Mar 7, 2024.
             Was a High Priest of Okawaru.
             Slain by a hellwing (6 damage)
             ... summoned by an orc high priest
             ... on level 2 of the Orcish Mines.
             The game lasted 00:36:31 (25142 turns).

jasper the Bludgeoner (Mountain Dwarf Fighter)     Turns: 25142, Time: 00:36:31

HP:   -5/113 (127)  AC: 26    Str: 22    XL:     14   Next: 84%
MP:   0/20          EV:  5    Int: 11    God:    Okawaru [*****.]
Gold: 1504          SH: 17    Dex: 15    Spells: 13/13 levels left

rFire   . . .        P - +6 eveningstar (venom)
rCold   + . .        R - +0 tower shield
rNeg    . . .        r - +0 plate armour
rPois   .            d - +1 helmet
rElec   .            u - +1 cloak {Will+}
rCorr   .            g - +0 pair of gloves
SInv    .            Q - +2 pair of boots of Yrphar {rC+}
Will    ++...        f - amulet of guardian spirit Stlth
                     e - +4 ring of protection
HPRegen 0.38/turn    S - +6 ring of dexterity
MPRegen 0.17/turn

%: guardian spirit
@: corroded, heavily drained
A: runic magic, artefact enchanting
a: Renounce Religion, Heroism, Finesse, Duel


You were on level 2 of the Orcish Mines.
You worshipped Okawaru.
Okawaru was extremely pleased with you.
You visited 4 branches of the dungeon, and saw 20 of its levels.

You collected 2159 gold pieces.
You spent 655 gold pieces at shops.

Inventory:

Hand Weapons
 a - a +1 flail
 m - a +0 antimagic whip
 y - a +0 whip
 F - a +3 flail of freezing
 P - a +6 eveningstar of venom (weapon)
Missiles
 h - 21 boomerangs (quivered)
 i - 149 stones
 q - 11 javelins
 B - 23 poisoned darts
 N - 3 atropa-tipped darts
 U - 5 curare-tipped darts
 X - 2 throwing nets
Armour
 b - a +0 scale mail
 c - a +0 buckler
 d - a +1 helmet (worn)
 g - a +0 pair of gloves (worn)
 r - a +0 plate armour (worn)
 u - a +1 cloak of willpower (worn)
 v - a +0 cloak
 G - a +0 pair of boots
 M - a scarf of harm
 Q - the +2 pair of boots of Yrphar (worn) {rC+}
   (Okawaru gifted it to you on level 4 of the Lair of Beasts)

   rC+:       It protects you from cold.
 R - a +0 tower shield (worn)
Jewellery
 e - a +4 ring of protection (left hand)
 f - an amulet of guardian spirit (around neck)
 O - a +6 ring of intelligence
 S - a +6 ring of dexterity (right hand)
Wands
 n - a wand of light (9)
 x - a wand of digging (3)
 D - a wand of flame (16)
 L - a wand of roots (7)
 W - a wand of mindburst (10)
Scrolls
 j - 6 scrolls of teleportation
 p - a scroll of torment
 s - 3 scrolls of amnesia
 t - 5 scrolls of identify
 H - 2 scrolls of revelation
 J - a scroll of poison
 K - a scroll of immolation
 V - 2 scrolls of blinking
Potions
 k - 2 potions of resistance
 l - 3 potions of degeneration
 o - 3 potions of enlightenment
 w - 3 potions of haste
 z - 5 potions of mutation
 A - 2 potions of lignification
 C - 4 potions of might
 E - a potion of invisibility
 I - 3 potions of curing
 T - a potion of brilliance


   Skills:
 + Level 12.7 Fighting
 - Level 16.0 Maces & Flails
 - Level 11.0 Throwing
 + Level 12.7 Armour
 + Level 11.1 Shields
 - Level 8.0 Invocations


You had 13 spell levels left.
You didn't know any spells.
Your spell library contained the following spells:

 Spells                   Type           Power      Damage    Failure   Level
 Blink                    Tloc           0%         N/A       98%         2
 Lesser Beckoning         Tloc           0%         N/A       98%         2
 Momentum Strike          Conj/Tloc      0%         3d8       98%         2
 Frozen Ramparts          Ice            0%         1d1       100%        3
 Hailstorm                Conj/Ice       0%         3d5       100%        3
 Sigil of Binding         Hex            0%         N/A       100%        3
 Leda's Liquefaction      Alch/Erth      0%         N/A       100%        4
 Petrify                  Alch/Erth      0%         N/A       100%        4
 Sticky Flame             Fire/Alch      0%         2d4       100%        4
 Irradiate                Conj/Alch      0%         3d11      100%        5
 Metabolic Englaciation   Hex/Ice        0%         N/A       100%        5
 Orb of Destruction       Conj           0%         9d5       100%        7
 Summon Ice Beast         Ice/Summ       Unusable   N/A       N/A         3
 Summon Blazeheart Golem  Fire/Summ      Unusable   N/A       N/A         4
 Sculpt Simulacrum        Ice/Alch       Unusable   N/A       N/A         6
 Spellforged Servitor     Conj/Summ      Unusable   N/A       N/A         7

Dungeon Overview and Level Annotations

Branches:
Dungeon (12/15)            Temple (1/1) D:4            Lair (5/5) D:11
  Swamp (0/4) Lair:2       Spider (0/4) Lair:2        Slime (0/5) Lair:4
    Orc (2/2) D:12            Elf (0/3) Orc:2

Altars:
Ashenzari
Cheibriados
Dithmenos
Elyvilon
Fedhas
Gozag
Hepliaklqana
Kikubaaqudgha
Makhleb
Nemelex Xobeh
Okawaru
Qazlal
Ru
Sif Muna
Trog
Uskayaw
Vehumet
Wu Jian
Xom
Yredelemnul
Zin
The Shining One
Beogh
Jiyva

Shops:
D:6 =(   Orc:2 [*!


Innate Abilities, Weirdness & Mutations

Your spellcasting is much less encumbered by armour.
You can use scrolls of enchantment on lesser artefacts.


Message History

You impale the orc high priest!!
The orc high priest looks as sick as possible!
The orc high priest is moderately wounded.
The rust devil hits you. The rust devil corrodes you!
The orc high priest prays to Beogh.
The orc sorcerer points at you and mumbles some strange words.
The bolt of negative energy hits you!
You feel drained.
An orc high priest comes into view. It is wielding a +0 long sword.
You block the orc sorcerer's attack. You block the sun demon's attack.
You take 15 damage, and have 82/118 hp.
You now have 13/20 mp.
You sock the orc high priest!
The orc high priest is heavily wounded.
The sixfirhy hits you. The sixfirhy shocks you!
The sun demon hits you but does no damage.
The orc sorcerer gestures wildly while chanting.
The orc high priest hits you with a +0 halberd of protection.
The orc sorcerer casts a spell at you. You resist with almost no effort.
The sixfirhy hits you but does no damage.
You block the hellwing's attack. x2
You take 13 damage, and have 69/118 hp.
You now have 9/20 mp.
You bludgeon the orc sorcerer!!
The orc sorcerer looks as sick as possible!
The orc sorcerer is heavily wounded.
You block the sixfirhy's attack. The sixfirhy hits you.
The sixfirhy shocks you!
The sixfirhy hits you but does no damage.
The sun demon hits you!!
You are engulfed in flames!
* * * LOW HITPOINT WARNING * * *
The orc sorcerer points at you and mumbles some strange words.
The bolt of negative energy hits the hellwing.
The hellwing completely resists.
The bolt of negative energy hits you!!
You feel drained.
* * * LOW HITPOINT WARNING * * *
The orc high priest calls down the wrath of Beogh upon you.
Beogh smites you!
* * * LOW HITPOINT WARNING * * *
The orc sorcerer hits you but does no damage.
The hellwing hits you.
You die...

....#.##.........##
##..###
......##........###.
##..##
#'#####...#....###.
## ##.)# .).
#........###.. #3##
..###). ....
##.#....###.. #o..
#....... ._..#
####..###... #.o#
##...#.. ....#
#####.#.##.4#
##....# ...ß#
##..3.4..# ##....
##### #..4o@#.##
##..# ##...3o)o#
##.... ##.#.##..#
##....# ##...##..#
##...#..
##...##...##...)...
##...##.##...###..
##...###...###..#
##...#...###).##
#####.#)#)###..###


You could see 3 orc high priests, a sun demon (summoned), an orange demon
(summoned), a hellwing (summoned), a rust devil (summoned), a sixfirhy
(summoned), a neqoxec (summoned) and 2 orc sorcerers.

Vanquished Creatures
  A storm dragon (D:12)
  Nessos (Orc:2)
  Fannar (D:11)
  2 hydras
  A demonspawn (Orc:2)
  2 boulder beetles
  2 two-headed ogres
  10 death yaks
  An orc high priest (Orc:2)
  2 skysharks
  A sixfirhy (Orc:1)
  A bog body (Lair:2)
  6 orc knights
  2 deep elf pyromancers (D:12)
  4 orc sorcerers
  2 cyclopes
  Maurice (D:6)
  2 rust devils
  5 black mambas
  A kobold blastminer (Orc:2)
  3 elephants (Lair:4)
  5 centaur zombies (D:10)
  2 unseen horrors (D:12)
  A gargoyle (D:12)
  A kobold demonologist (D:10)
  14 cane toads
  Maggie (D:7)
  4 centaur skeletons (D:10)
  3 rime drakes
  An ice devil (Orc:2)
  7 komodo dragons
  5 trolls
  A freezing wraith (D:12)
  6 polar bears
  6 hornets
  Prince Ribbit (D:7)
  13 dream sheep
  4 blink frogs
  3 slime creatures
  3 vampires
  A shadow (D:10)
  13 spriggans (Lair:5)
  4 basilisks
  2 wargs
  53 yaks
  5 wyverns
  The ghost of olddryhag the Magician, an amateur DsHW (D:3)
  Menkaure (D:7)
  4 vampire mosquitoes
  3 steam dragons
  12 water moccasins
  Duvessa (D:4)
  23 orc warriors
  3 ice beasts
  2 black bears (Lair:5)
  52 wolves
  A laughing skull (D:12)
  An ogre (Orc:2)
  5 boggarts (Lair:5)
  5 centaurs
  3 phantoms
  2 kobold brigands (D:7)
  11 bullfrogs
  A gnoll sergeant (D:5)
  Dowan (D:4)
  2 wights (D:10)
  11 killer bees
  3 electric eels (Lair:2)
  4 howler monkeys
  A human zombie (D:10)
  17 orc priests
  2 bombardier beetles (D:5)
  2 hounds (D:6)
  7 jellies
  3 iguanas
  Crazy Yiuf (D:4)
  Ijyb (D:4)
  13 orc wizards
  6 hell rats
  Robin (D:2)
  7 gnolls (D:5)
  10 adders
  A shadow imp (D:7)
  3 ribbon worms
  3 dart slugs
  53 orcs
  10 ball pythons
  9 endoplasms
  3 giant cockroaches
  14 goblins
  9 hobgoblins
  3 jackals (D:3)
  3 quokkas
  5 bats
  4 frilled lizards
  18 kobolds
  4 rats
575 creatures vanquished.

Notes
Turn   | Place    | Note
-------+----------+-------------------------------------------
     0 | D:1      | jasper the Mountain Dwarf Fighter began the quest for the
                  | Orb.
     0 | D:1      | Reached XP level 1. HP: 19/19 MP: 1/1
   104 | D:1      | Reached skill level 3 in Maces & Flails
   316 | D:1      | Reached XP level 2. HP: 26/26 MP: 2/2
   688 | D:1      | Reached skill level 4 in Maces & Flails
   769 | D:1      | Reached XP level 3. HP: 31/31 MP: 3/3
   980 | D:2      | Noticed Robin
   995 | D:2      | Killed Robin
  1087 | D:2      | Reached skill level 5 in Maces & Flails
  1177 | D:2      | Reached XP level 4. HP: 38/38 MP: 4/4
  1799 | D:3      | Found a runed translucent door.
  1801 | D:3      | Noticed olddryhag's ghost (amateur DsHW)
  2114 | D:3      | Reached skill level 6 in Maces & Flails
  2790 | D:3      | Killed olddryhag's ghost
  2791 | D:3      | Reached skill level 7 in Maces & Flails
  2791 | D:3      | Reached XP level 5. HP: 29/45 MP: 5/5
  2798 | D:3      | Reached XP level 6. HP: 20/51 MP: 3/6
  3117 | D:4      | Reached skill level 8 in Maces & Flails
  3221 | D:4      | Noticed Ijyb
  3237 | D:4      | Killed Ijyb
  3380 | D:4      | Found a staircase to the Ecumenical Temple.
  3411 | Temple   | Entered the Ecumenical Temple
  3420 | Temple   | Became a worshipper of Warmaster Okawaru
  3474 | D:4      | Noticed Dowan
  3569 | D:5      | Entered Level 5 of the Dungeon
  3709 | D:5      | Reached skill level 9 in Maces & Flails
  3736 | D:5      | Reached XP level 7. HP: 57/57 MP: 7/7
  4114 | D:5      | Reached skill level 10 in Maces & Flails
  4492 | D:5      | Noticed a troll
  4637 | D:5      | Found a glowing silver altar of Zin.
  4637 | D:5      | Found an opulent altar of Gozag.
  5055 | D:6      | Reached * piety under Okawaru
  5056 | D:6      | Reached skill level 11 in Maces & Flails
  5083 | D:6      | Found Fupeyxie's Jewellery Shop.
  5161 | D:6      | Reached XP level 8. HP: 62/63 MP: 6/8
  5297 | D:6      | Found Joceodyv's Weapon Shop.
  5303 | D:6      | Bought a throwing net for 42 gold pieces
  5303 | D:6      | Bought 3 boomerangs for 84 gold pieces
  5393 | D:6      | Reached skill level 12 in Maces & Flails
  5641 | D:6      | Reached skill level 1 in Invocations
  5976 | D:6      | Found a stormy altar of Qazlal.
  6009 | D:7      | Noticed Menkaure
  6015 | D:7      | Killed Menkaure
  6271 | D:7      | Noticed a hornet
  6282 | D:7      | Paralysed by a hornet for 1 turns
  6283 | D:7      | Killed a hornet
  6466 | D:7      | Noticed Maurice
  6467 | D:7      | Noticed Prince Ribbit
  6493 | D:6      | Something stole 193 gold
  6494 | D:6      | Something stole 3 throwing nets
  6498 | D:6      | Something stole a +0 antimagic whip
  6529 | D:6      | Maurice stole 11 boomerangs
  6541 | D:6      | Killed Maurice
  6541 | D:6      | Reached ** piety under Okawaru
  6542 | D:6      | Reached skill level 5 in Fighting
  6542 | D:6      | Reached skill level 5 in Armour
  6542 | D:6      | Reached XP level 9. HP: 22/74 MP: 5/12
  6943 | D:7      | Noticed Maggie
  7041 | D:8      | Reached skill level 5 in Invocations
  8467 | D:9      | Reached *** piety under Okawaru
  8686 | D:9      | Identified the +2 helmet "Jyas" {Harm rC++ Str-2 Int-4}
  8958 | D:9      | Found a broken altar of Ashenzari.
  9170 | D:9      | Noticed a cyclops
  9181 | D:9      | Killed a cyclops
  9182 | D:9      | Reached XP level 10. HP: 47/88 MP: 6/15
  9582 | D:9      | Found a burning altar of Makhleb.
  9632 | D:9      | Found a glowing golden altar of the Shining One.
  9636 | D:9      | Found a bloodstained altar of Trog.
  9682 | D:10     | Entered Level 10 of the Dungeon
  9903 | D:10     | Reached **** piety under Okawaru
 10161 | D:10     | Got the Anthology of Spellbinding Rubedo
 10330 | D:10     | Reached ***** piety under Okawaru
 10391 | D:10     | Reached skill level 10 in Fighting
 10391 | D:10     | Reached skill level 10 in Armour
 10405 | D:10     | Reached skill level 1 in Throwing
 10512 | D:10     | Reached XP level 11. HP: 98/99 MP: 17/17
 10527 | D:10     | Found an ancient bone altar of Kikubaaqudgha.
 10941 | D:11     | You fall into a shaft and drop 1 floor!
 10945 | D:12     | Noticed a two-headed ogre
 10946 | D:12     | Noticed a boulder beetle
 10967 | D:12     | Killed a two-headed ogre
 10973 | D:12     | Received a gift from Okawaru
 10998 | D:12     | Killed a boulder beetle
 10999 | D:12     | Reached skill level 5 in Throwing
 11039 | D:12     | Noticed a deep elf pyromancer
 11044 | D:12     | Killed a deep elf pyromancer
 11046 | D:12     | Noticed a storm dragon
 11054 | D:12     | Killed a storm dragon
 11081 | D:12     | Received a gift from Okawaru
 11354 | D:11     | Found a staircase to the Lair.
 11379 | D:11     | Noticed a two-headed ogre
 11382 | D:11     | Noticed Fannar
 11414 | D:11     | Killed Fannar
 11476 | D:11     | Noticed a boulder beetle
 11700 | D:7      | Killed Maggie
 12290 | D:7      | Killed Prince Ribbit
 12736 | D:4      | Noticed Duvessa
 12747 | D:4      | Killed Duvessa
 12759 | D:4      | Killed Dowan
 13129 | D:4      | Found a runed translucent door.
 13130 | D:4      | Noticed Crazy Yiuf
 13418 | D:4      | Killed Crazy Yiuf
 13600 | D:10     | Killed a boulder beetle
 13866 | D:11     | Reached XP level 12. HP: 85/106 MP: 13/18
 14468 | D:11     | Killed a two-headed ogre
 14515 | Lair:1   | Entered Level 1 of the Lair of Beasts
 14947 | Lair:1   | Reached skill level 10 in Throwing
 15090 | Lair:1   | Received a gift from Okawaru
 15716 | Lair:2   | Noticed a five-headed hydra
 15744 | Lair:2   | Noticed a death yak
 15778 | Lair:1   | Killed a death yak
 15979 | Lair:1   | Reached skill level 5 in Shields
 16062 | Lair:2   | Received a gift from Okawaru
 16261 | Lair:2   | Killed a five-headed hydra
 16437 | Lair:2   | Found a staircase to the Swamp.
 16656 | Lair:2   | Noticed a death yak
 16657 | Lair:2   | Noticed a death yak
 16658 | Lair:2   | Noticed a death yak
 16660 | Lair:2   | Noticed a death yak
 16664 | Lair:2   | Noticed a death yak
 16678 | Lair:2   | Killed a death yak
 16699 | Lair:2   | Killed a death yak
 16700 | Lair:2   | Reached XP level 13. HP: 113/113 MP: 13/19
 16743 | Lair:2   | Received a gift from Okawaru
 16784 | Lair:2   | Reached skill level 10 in Shields
 17334 | Lair:2   | Found a hole to the Spider Nest.
 17849 | Lair:3   | Received a gift from Okawaru
 19172 | Lair:4   | Received a gift from Okawaru
 19323 | Lair:4   | Found a viscous altar of Jiyva.
 19334 | Lair:4   | Found a staircase to the Slime Pits.
 19896 | Lair:4   | Reached ****** piety under Okawaru
 19896 | Lair:4   | Received a gift from Okawaru
 19897 | Lair:4   | Acquired a +4 eveningstar of venom
 19897 | Lair:4   | Received a gift from Okawaru
 19899 | Lair:4   | Acquired the +1 pair of boots of Yrphar {rC+}
 19899 | Lair:4   | Received a gift from Okawaru
 20685 | Lair:5   | Entered Level 5 of the Lair of Beasts
 20947 | Lair:5   | Reached XP level 14. HP: 126/126 MP: 20/20
 21044 | Lair:5   | Reached skill level 13 in Maces & Flails
 21390 | Lair:5   | Paralysed by a hornet for 3 turns
 21397 | Lair:5   | Paralysed by a hornet for 2 turns
 21459 | Lair:5   | Received a gift from Okawaru
 21469 | Lair:5   | Reached skill level 14 in Maces & Flails
 22320 | Lair:5   | Reached skill level 15 in Maces & Flails
 22813 | D:12     | Found a staircase to the Orcish Mines.
 22843 | Orc:1    | Entered Level 1 of the Orcish Mines
 22960 | D:12     | Received a gift from Okawaru
 23203 | Orc:2    | Entered Level 2 of the Orcish Mines
 23383 | Orc:2    | Found Icadoext's Armour Shoppe.
 23393 | Orc:2    | Noticed Nessos
 23404 | Orc:2    | Killed Nessos
 23857 | Orc:1    | Reached skill level 16 in Maces & Flails
 24428 | Orc:2    | Received a gift from Okawaru
 24585 | Orc:2    | Found a roughly hewn altar of Beogh.
 24668 | Orc:2    | Found Giasm's General Store.
 24671 | Orc:2    | Found Fagg's Distillery.
 24693 | Orc:2    | Bought a scroll of blinking for 105 gold pieces
 24693 | Orc:2    | Bought 2 throwing nets for 84 gold pieces
 24695 | Orc:2    | Bought a potion of might for 68 gold pieces
 24695 | Orc:2    | Bought a potion of lignification for 51 gold pieces
 24695 | Orc:2    | Bought a potion of haste for 170 gold pieces
 24695 | Orc:2    | Bought a potion of curing for 51 gold pieces
 24771 | Orc:2    | Found a staircase to the Elven Halls.
 25142 | Orc:2    | HP: 1/113 [orc high priest/divine providence (7)]
 25142 | Orc:2    | Slain by a hellwing

Illustrated notes

Levels and vault maps discovered:
D:1:      mushboom_english_gardens, layout_basic, patterned_corridor
D:2:      layout_basic, serial_bayou_lake_a, uniq_robin
D:3:      layout_basic, ebering_ghost_sewer_d, grunt_ministairs_15
D:4:      layout_basic, minmay_temple_entry_junction_2, uniq_duvessa,
          uniq_crazy_yiuf_cottage, uniq_ijyb
D:5:      layout_loops_ring, grunt_temple_overflow_gold_and_silver,
          lightli_corner_chamber
D:6:      layout_loops_ring, kennysheep_mini_moat, serial_shops, shop, shop
D:7:      layout_layer_cave, dk_noncrumbling_2, uniq_menkaure, uniq_maurice,
          uniq_maggie, uniq_prince_ribbit1
D:8:      layout_basic
D:9:      layout_irregular_city, minitemple
D:10:     layout_basic, lemuel_mausoleum_altar_kikubaaqudgha
D:11:     layout_rooms, erik_lair_orcish_takeover, hangedman_decor_peaks_small,
          uniq_fannar
D:12:     nzn_winding_woodlands_three_and_one [nzn_winding_woodlands_5x15_cabin,
          nzn_winding_woodlands_5x15_split_checker,
          nzn_winding_woodlands_5x15_garden,
          nzn_winding_woodlands_center_pierced_h], layout_cave_pools,
          orc_0_dummy, kennysheep_donut, nicolae_danse_macabre
Temple:   eino_temple_lava
Lair:1:   layout_chaotic_city
Lair:2:   layout_hall_layers, skrybe_swamp_entry_bodies, dummy_spider_entry,
          infiniplex_staircase_pool, grunt_megastairs_2, serial_bayou_shore_a
Lair:3:   layout_loops_ring
Lair:4:   layout_layer_cave, minmay_slime_entry_pillars,
          amcnicky_mini_pool_medium, serial_bayou_shore_b, lemuel_fruit_tree
Lair:5:   minmay_lair_end_enchanted_forest, layout_gridlike, grunt_megastairs_4
Orc:1:    layout_caves, einodemon_armed_red_devil_minivault
Orc:2:    pf_orc_diabolical, layout_caves, serial_shops,
          nicolae_shop_just_a_little_nook, minmay_orc_temple_b, uniq_nessos

Skill      XL: |  1  2  3  4  5  6  7  8  9 10 11 12 13 14 |
---------------+-------------------------------------------+-----
Maces & Flails | 3 4 5 7 9 11 12 16 | 16.0
Invocations    | 4 7 8 |  8.0
Fighting       | 5 7 10 12 | 12.7
Armour         | 5 7 10 12 | 12.7
Throwing       | 2 8 11 | 11.0
Shields        | 8 10 11 | 11.1

Action                     |  1- 3 |  4- 6 |  7- 9 | 10-12 | 13-15 || total
---------------------------+-------+-------+-------+-------+-------++-------
  Melee: Flail             |   106 |   199 |   411 |   832 |   442 ||  1990
         Eveningstar       |       |       |       |       |   506 ||   506
  Throw: Boomerang         |    12 |       |    20 |    67 |   179 ||   278
         Dart              |       |       |       |       |     4 ||     4
 Invoke: Heroism           |       |       |     6 |     7 |     2 ||    15
         Finesse           |       |       |       |     5 |     4 ||     9
         Receive Weapon    |       |       |       |       |     1 ||     1
         Receive Armour    |       |       |       |       |     1 ||     1
  Evoke: Wand              |       |       |     6 |     9 |       ||    15
    Use: Scroll            |     5 |       |    13 |     4 |     6 ||    28
         Potion            |     1 |     1 |     4 |     8 |     6 ||    20
   Stab: Invisible         |       |       |     1 |     1 |       ||     2
 Armour: Scale mail        |   110 |   134 |    92 |       |       ||   336
         Plate armour      |       |       |   353 |   849 |   878 ||  2080
         Skin              |       |       |       |     6 |       ||     6
  Dodge: Dodged            |    53 |    66 |   145 |   218 |   241 ||   723
  Block: Buckler           |    22 |    33 |    83 |   148 |   242 ||   528
         Tower shield      |       |       |       |       |   132 ||   132

Table legend: (Time is in decaauts)
 A = Elapsed time spent in this place.
 B = Non-inter-level travel time spent in this place.
 C = Inter-level travel time spent in this place.
 D = Time resting spent in this place.
 E = Time spent auto-exploring this place.
 F = Levels seen in this place.
 G = Mean time per level.
                   A        B        C        D        E       F      G
               +--------+--------+--------+--------+--------+-----+--------+
         Total |  24700 |  23398 |   1302 |   2744 |  15954 |  20 | 1235.0 |
       Dungeon |  14535 |  13802 |    733 |   1448 |   9725 |  12 | 1211.2 |
        Temple |     18 |     10 |      8 |      0 |      0 |   1 |   18.0 |
          Lair |   8002 |   7457 |    545 |    387 |   5493 |   5 | 1600.4 |
  Orcish Mines |   2144 |   2129 |     15 |    907 |    735 |   2 | 1072.0 |
               +--------+--------+--------+--------+--------+-----+--------+

Top non-repeatable levels by time:
  Lair:4: 2113 daAuts
    D:10: 1838 daAuts
  Lair:5: 1771 daAuts
     D:7: 1650 daAuts
  Lair:1: 1625 daAuts
     D:4: 1562 daAuts
  Lair:2: 1551 daAuts
     D:6: 1459 daAuts
     D:9: 1393 daAuts
     D:8: 1319 daAuts
     D:5: 1230 daAuts
     D:3: 1199 daAuts
   Orc:1: 1099 daAuts
   Orc:2: 1044 daAuts
  Lair:3: 940 daAuts
